 Dungeon Crawl Stone Soup version 0.29-a0-321-gf1c400731a (webtiles) character file.

Game seed: 7551842438065300517

5230 Gargoyl the Basher (level 10, -11/63 HPs)
             Began as a Gargoyle Abyssal Knight on Apr 5, 2022.
             Was a High Priest of Lugonu.
             Mangled by Erolcha
             ... wielding a +0 giant club
              (21 damage)
             ... on level 9 of the Dungeon.
             The game lasted 00:17:33 (7698 turns).

Gargoyl the Basher (Gargoyle Abyssal Knight)        Turns: 7698, Time: 00:17:34

Health: -11/63     AC: 28    Str: 22    XL:     10   Next: 61%
Magic:  12/12      EV:  7    Int: 17    God:    Lugonu [*****.]
Gold:   612        SH:  5    Dex: 18    Spells: 9/9 levels left

rFire   + + .      SeeInvis .   q - +10 mace "Ivoally" {vamp, rF+ rCorr Int+7}
rCold   + . .      Faith    .   (no shield)
rNeg    + . .      Spirit   .   g - +0 plate armour
rPois   ∞          Reflect  +   (no helmet)
rElec   +          Harm     .   w - scarf {rC+ rF+}
rCorr   +          Rampage  .   e - +2 pair of gloves
Will    .....      Clarity  +   (no boots)
Stlth   ..........              f - amulet of reflection
HPRegen 0.20/turn               d - +6 ring of dexterity
MPRegen 0.13/turn               l - +4 ring of protection

@: brilliant, attractive
A: sickness immunity, AC +7, negative energy resistance 1, electricity
resistance, torment resistance 1, petrification resistance, clarity, strong 1
a: Renounce Religion, Depart the Abyss, Bend Space, Banish, Corrupt, Enter the
Abyss


You were on level 9 of the Dungeon.
You worshipped Lugonu.
Lugonu was extremely pleased with you.
You visited 1 branch of the dungeon, and saw 9 of its levels.
You visited the Abyss 1 time.

You collected 612 gold pieces.

Inventory:

Hand Weapons
 a - a +2 hand axe of protection
 h - a +2 whip of holy wrath
 q - the +10 mace "Ivoally" (weapon) {vamp, rF+ rCorr Int+7}
   (You found it on level 3 of the Dungeon)

   It occasionally heals its wielder for a portion of the damage dealt when it
   wounds a living foe.
   Int:       It affects your intelligence (+7).
   rF:        It protects you from fire.
   rCorr:     It protects you from acid and corrosion.
Missiles
 n - 25 poisoned darts (quivered)
 G - a throwing net
Armour
 e - a +2 pair of gloves (worn)
 g - a +0 plate armour (worn)
 w - a scarf of resistance (worn)
Jewellery
 d - a +6 ring of dexterity (left hand)
 f - an amulet of reflection (around neck)
 l - a +4 ring of protection (right hand)
 v - a ring of protection from fire
 y - a ring of protection from fire
Wands
 c - a wand of flame (24)
 m - a wand of polymorph (21)
 I - a wand of iceblast (6)
Scrolls
 b - a scroll of blinking
 s - a scroll of vulnerability {unknown}
 A - 2 scrolls of teleportation
 D - a scroll of magic mapping
 E - a scroll of acquirement {unknown}
 F - a scroll of fear
 H - 2 scrolls of enchant armour
 J - a scroll of enchant weapon
Potions
 i - a potion of invisibility
 j - 4 potions of curing
 k - 2 potions of flight
 o - a potion of mutation
 p - 2 potions of lignification
 r - a potion of brilliance
 t - 4 potions of cancellation
 u - a potion of resistance
 x - a potion of heal wounds {unknown}
 z - a potion of ambrosia {unknown}
 B - 2 potions of attraction
 C - a potion of haste {unknown}


   Skills:
 + Level 7.0 Fighting
 + Level 3.7(6.6) Axes
 + Level 9.3(9.7) Maces & Flails
 + Level 1.4 Throwing
 + Level 8.5 Armour
 + Level 1.8 Dodging
 + Level 1.4 Stealth
 + Level 6.0 Shields
 * Level 3.1 Invocations


You had 9 spell levels left.
You didn't know any spells.
Your spell library contained the following spells:

 Spells                   Type           Power      Damage    Failure   Level
 Beastly Appendage        Tmut           0%         N/A       98%         1
 Sting                    Tmut/Pois      0%         1d3       98%         1
 Poisonous Vapours        Pois/Air       0%         N/A       99%         2
 Wereblood                Tmut           0%         N/A       99%         2
 Spider Form              Tmut/Pois      0%         N/A       100%        3
 Olgreb's Toxic Radiance  Pois           0%         N/A       100%        4
 Summon Hydra             Summ           0%         N/A       100%        7
 Sublimation of Blood     Necr           Unusable   N/A       N/A         2

Dungeon Overview and Level Annotations

Branches:
Dungeon (9/15)             Temple (0/1) D:7
   Lair: D:8-11         Orc: D:9-12

Altars:
Kikubaaqudgha

Shops:
D:6 (

Annotations:
D:9 Erolcha, Maurice


Innate Abilities, Weirdness & Mutations

You are immune to sickness and miasma.
Your stone body is resilient. (AC +7)
You are immune to poison.
You resist negative energy. (rN+)
You are resistant to electric shocks. (rElec)
You are resistant to unholy torment.
You are immune to petrification.
You possess an exceptional clarity of mind.
Your muscles are strong. (Str +2)


Message History

Found a stone staircase leading up.
Erolcha the Cunning comes into view.
She is wielding a +0 giant club.
Erolcha shouts!
Erolcha is nearby!
Erolcha is nearby!
Erolcha gestures wildly while chanting.
Erolcha flickers and vanishes!
Deactivating autopickup; reactivate with Ctrl-A.
A wyvern comes into view.
The wyvern hisses angrily.
Found 9 gold pieces.
You hit something. Something hits you!!
Maurice the Thief comes into view.
He is wielding a +0 dagger and carrying a wand of acid (7).
You hit something.
Maurice casts a spell.
Maurice flickers and vanishes!
Something hits you but does no damage.
You sock something! You block the wyvern's attack.
You sock something! The wyvern completely misses you. Something hits you!
You hit something. The wyvern completely misses you.
You barely miss something.
The wyvern bites you but does no damage.
Something hits you. The wyvern bites you!
You miss something. The wyvern bites you.
* * * LOW HITPOINT WARNING * * *
Something hits you!
* * * LOW HITPOINT WARNING * * *
Unknown command.
You barely miss the wyvern. You block the wyvern's attack.
It was a potion of attraction.
You feel attractive to monsters. The wyvern closely misses you.
You hear some strange, mumbled words.
Something tries to affect you, but you resist.
The wyvern bites you but does no damage.
It was a potion of brilliance.
You feel clever all of a sudden. The wyvern barely misses you.
You hear some strange, mumbled words.
Something hits you!!
You die...

....≈≈≈≈≈≈.#
.......≈≈P.#
...P...P...#
...........
..........##
....§......##..
.............$.
......l@..#
...#.§....# #
....<.....###.# #
#.
............#.#.#
.
....#######.....#
###. ....
#.....#.........
.... ##.#####
.### #..# ....#
#..# #.. #..##.##
## #..


You could see a wyvern.

Vanquished Creatures
  A two-headed ogre (D:8)
  An unseen horror (D:9)
  A troll (D:7)
  Sigmund (D:4)
  Grum (D:9)
  2 steam dragons
  Edmund (D:6)
  2 ice beasts (D:8)
  3 orc warriors
  2 sky beasts
  2 ogres
  2 wolves (D:9)
  A phantom (D:5)
  3 centaurs
  2 kobold brigands (D:7)
  Blork the orc (D:4)
  A gnoll sergeant (D:6)
  7 bullfrogs
  A necrophage (D:6)
  A scorpion (D:5)
  3 wights (D:7)
  10 killer bees
  A hound (D:4)
  A gnoll shaman (D:8)
  Crazy Yiuf (D:3)
  3 orc priests (D:8)
  A jelly (D:6)
  Jessica (D:2)
  3 iguanas
  5 orc wizards
  10 gnolls
  7 adders
  3 shadow imps
  2 ufetubi
  4 worms
  4 dart slugs
  21 orcs
  10 ball pythons
  5 bats
  3 endoplasms
  6 giant cockroaches
  8 hobgoblins
  17 kobolds
  2 quokkas
  2 frilled lizards
  10 goblins
  3 rats
182 creatures vanquished.

Vanquished Creatures (others)
  A kobold brigand (D:9)
  A hobgoblin (D:2)
2 creatures vanquished.

Grand Total: 184 creatures vanquished

Notes
Turn   | Place    | Note
-------+----------+-------------------------------------------
     0 | Abyss:1  | Gargoyl the Gargoyle Abyssal Knight began the quest for the
                  | Orb.
     0 | Abyss:1  | Reached XP level 1. HP: 14/14 MP: 2/2
     0 | D:1      | Escaped the Abyss
   223 | D:1      | Reached XP level 2. HP: 19/19 MP: 3/3
   267 | D:1      | Reached ** piety under Lugonu
   835 | D:2      | Reached XP level 3. HP: 24/24 MP: 4/4
  1258 | D:2      | Reached XP level 4. HP: 29/29 MP: 5/5
  1270 | D:2      | Noticed Jessica
  1289 | D:2      | Killed Jessica
  2282 | D:3      | Found a runed translucent door.
  2282 | D:3      | Identified the +10 mace "Ivoally" {vamp, rF+ rCorr Int+7}
  2283 | D:3      | Noticed Crazy Yiuf
  2335 | D:3      | Reached skill level 1 in Shields
  2335 | D:3      | Reached XP level 5. HP: 34/34 MP: 6/6
  2652 | D:3      | Reached *** piety under Lugonu
  3054 | D:3      | Killed Crazy Yiuf
  3121 | D:4      | Reached skill level 1 in Maces & Flails
  3198 | D:4      | Noticed Blork the orc
  3208 | D:4      | Killed Blork the orc
  3209 | D:4      | Reached skill level 1 in Stealth
  3209 | D:4      | Reached XP level 6. HP: 39/39 MP: 7/7
  3290 | D:4      | Reached skill level 2 in Maces & Flails
  3359 | D:4      | Noticed Sigmund
  3369 | D:4      | Killed Sigmund
  3370 | D:4      | Reached skill level 3 in Maces & Flails
  3370 | D:4      | Reached XP level 7. HP: 44/44 MP: 8/8
  3455 | D:4      | Reached skill level 1 in Dodging
  4151 | D:5      | Entered Level 5 of the Dungeon
  4157 | D:5      | Reached skill level 4 in Maces & Flails
  4245 | D:5      | Reached skill level 5 in Fighting
  4251 | D:5      | Reached XP level 8. HP: 33/49 MP: 9/9
  4369 | D:5      | You fall into a shaft and drop 3 floors!
  4379 | D:8      | Reached **** piety under Lugonu
  4384 | D:8      | Reached skill level 5 in Maces & Flails
  4404 | D:8      | Reached skill level 5 in Armour
  4446 | D:8      | Identified the +1 mace of Tupet {freeze, Str+3 Int+2 Dex+4}
  4586 | D:5      | Reached skill level 6 in Maces & Flails
  4646 | D:5      | Gained mutation: You have a pair of small horns on your
                  | head. [potion of mutation]
  4646 | D:5      | Gained mutation: You expend magic power (3 MP) to
                  | strengthen your wands. [potion of mutation]
  4863 | D:5      | Found an ancient bone altar of Kikubaaqudgha.
  5062 | D:6      | Reached XP level 9. HP: 49/54 MP: 10/10
  5122 | D:6      | Found Bauqojuj's Weapon Boutique.
  5342 | D:6      | Noticed Edmund
  5351 | D:6      | Killed Edmund
  5654 | D:7      | Lost mutation: You have a pair of small horns on your head.
                  | [potion of mutation]
  5654 | D:7      | Lost mutation: You expend magic power (3 MP) to strengthen
                  | your wands. [potion of mutation]
  5654 | D:7      | Gained mutation: You possess an exceptional clarity of
                  | mind. [potion of mutation]
  5654 | D:7      | Gained mutation: Your muscles are strong. (Str +2) [potion
                  | of mutation]
  5667 | D:7      | Noticed a troll
  5680 | D:7      | Killed a troll
  5681 | D:7      | Reached skill level 7 in Maces & Flails
  5681 | D:7      | Reached skill level 1 in Throwing
  5978 | D:7      | Reached skill level 8 in Maces & Flails
  6087 | D:7      | Found a staircase to the Ecumenical Temple.
  6328 | D:8      | Reached ***** piety under Lugonu
  6347 | D:8      | Reached XP level 10. HP: 53/61 MP: 11/11
  6419 | D:8      | Reached skill level 5 in Shields
  6802 | D:9      | Noticed Grum
  6827 | D:9      | Killed Grum
  6835 | D:9      | Reached skill level 9 in Maces & Flails
  7054 | D:9      | Noticed a two-headed ogre
  7378 | D:8      | Killed a two-headed ogre
  7668 | D:9      | Killed an unseen horror
  7685 | D:9      | Noticed Erolcha
  7689 | D:9      | Noticed Maurice
  7698 | D:9      | Mangled by Erolcha

Illustrated notes

Levels and vault maps discovered:
D:1:      dpeg_arrival_concentric_ovals, layout_loops_ring
D:2:      layout_basic, uniq_jessica
D:3:      minmay_skewed_foursquare, layout_basic, uniq_crazy_yiuf_cottage
D:4:      layout_loops_cross, corexii_shack, chequers_serial_rivers_micro_e,
          grunt_decor_arrowhead, uniq_blork_the_orc, uniq_sigmund
D:5:      layout_cave_pools, lemuel_crystal_altar
D:6:      layout_rooms, serial_shops, shop, uniq_edmund
D:7:      layout_rooms, minmay_temple_entry_drinking_statues, enter_bailey_7
D:8:      layout_cave_pools, lemuel_old_faithful
D:9:      layout_rooms, david_orc_4, fungi_pond_lemuel, grunt_decor_resistance,
          uniq_maurice, uniq_erolcha, uniq_grum

Skill      XL: |  1  2  3  4  5  6  7  8  9 10 |
---------------+-------------------------------+-----
Axes           | 2 3 |  3.7
Fighting       | 4 5 6 7 |  7.0
Shields        | 1 2 3 4 6 |  6.0
Maces & Flails | 1 3 4 6 8 9 |  9.3
Armour         | 3 4 6 8 |  8.5
Stealth        | 1 |  1.4
Dodging        | 1 |  1.8
Throwing       | 1 |  1.4
Invocations    | 3 |  3.1

Action                   |  1- 3 |  4- 6 |  7- 9 | 10-12 || total
-------------------------+-------+-------+-------+-------++-------
Melee: Hand axe          |    74 |    34 |       |       ||   108
       Mace              |       |    58 |   263 |   116 ||   437
       Punch             |       |     1 |     3 |       ||     4
       Headbutt          |       |       |     7 |       ||     7
Throw: Dart              |       |       |     7 |     7 ||    14
Invok: Depart the Abyss  |     1 |       |       |       ||     1
       Bend Space        |       |       |     1 |     5 ||     6
  Use: Scroll            |     4 |     8 |    11 |       ||    23
       Potion            |       |       |     3 |     2 ||     5
 Stab: Sleeping          |     1 |       |       |       ||     1
Armor: Leather armour    |     5 |       |       |       ||     5
       Plate armour      |    58 |    65 |   302 |   150 ||   575
Dodge: Dodged            |    24 |    37 |   155 |    63 ||   279
Block: Other             |    10 |    25 |    99 |    48 ||   182
       Orb               |    10 |     6 |       |       ||    16
       Reflection        |     1 |     2 |     4 |     4 ||    11

Table legend: (Time is in decaauts)
 A = Elapsed time spent in this place.
 B = Non-inter-level travel time spent in this place.
 C = Inter-level travel time spent in this place.
 D = Time resting spent in this place.
 E = Time spent auto-exploring this place.
 F = Levels seen in this place.
 G = Mean time per level.
                   A        B        C        D        E       F      G
               +--------+--------+--------+--------+--------+-----+--------+
         Total |   7750 |   7374 |    376 |    405 |   5309 |  10 |  775.0 |
       Dungeon |   7750 |   7374 |    376 |    405 |   5309 |   9 |  861.1 |
         Abyss |      0 |      0 |      0 |      0 |      0 |   1 |    0.0 |
               +--------+--------+--------+--------+--------+-----+--------+

Top non-repeatable levels by time:
     D:3: 1304 daAuts
     D:2: 1138 daAuts
     D:4: 1122 daAuts
     D:8: 918 daAuts
     D:1: 749 daAuts
     D:7: 697 daAuts
     D:5: 691 daAuts
     D:9: 627 daAuts
     D:6: 501 daAuts
